| TOP OF THE 1ST |
|
Quad Cities River Bandits batting - Pitching for Charleston RiverDogs : RHP Soh Kawashima
|
|
Pitching: RHP Soh Kawashima
|
|
|
Batting: LHB Kelvin Jones
|
0-0: Called Strike 0-1: Ball 1-1: Foul Ball, location: 2F 1-2: Foul Ball, location: 2F 1-2: Fly out, F9 (Flyball, 9, EV 92.5 MPH)
|
|
Batting: RHB Matt Parker
|
0-0: Swinging Strike 0-1: Fly out, F8 (Flyball, 78D, EV 88.1 MPH)
|
|
Batting: LHB Doug Anderson
|
0-0: Foul Ball, location: 2F 0-1: Called Strike 0-2: Foul Ball, location: 2F 0-2: Ball 1-2: Foul Ball, location: 2F 1-2: Ball 2-2: Strikes out swinging
|
| Top of the 1st over - 0 runs, 0 hits, 0 errors, 0 left on base; Quad Cities 0 - Charleston 0 |
| BOTTOM OF THE 1ST |
|
Charleston RiverDogs batting - Pitching for Quad Cities River Bandits : RHP Adam Behrens
|
|
Pitching: RHP Adam Behrens
|
|
|
Batting: RHB Miguel Leal
|
0-0: Called Strike 0-1: Called Strike 0-2: Strikes out swinging
|
|
Batting: RHB James Boynton
|
0-0: Ball 1-0: Called Strike 1-1: Swinging Strike 1-2: Foul Ball, location: 2F 1-2: Ball 2-2: Fly out, F1 (Popup, P, EV 78.8 MPH)
|
|
Batting: SHB Reagan Dudley
|
0-0: Foul Ball, location: 2F 0-1: Ball 1-1: Swinging Strike 1-2: Ball 2-2: Ball 3-2: Foul Ball, location: 2F 3-2: SINGLE (Line Drive, 89M, EV 103.1 MPH)
|
|
Batting: SHB Mike Goad
|
0-0: Called Strike 0-1: Ball 1-1: Called Strike 1-2: Foul Ball, location: 2F 1-2: Fly out, F8 (Flyball, 89D, EV 104.4 MPH)
|
| Bottom of the 1st over - 0 runs, 1 hit, 0 errors, 1 left on base; Quad Cities 0 - Charleston 0 |
| TOP OF THE 2ND |
|
Quad Cities River Bandits batting - Pitching for Charleston RiverDogs : RHP Soh Kawashima
|
|
Batting: RHB Pete Isley
|
0-0: Foul Ball, location: 2F 0-1: Fly out, F9 (Flyball, 89M, EV 86.3 MPH)
|
|
Batting: RHB Raul Sanchez
|
0-0: Ball 1-0: Ground out 6-3 (Groundball, 6, EV 84.4 MPH)
|
|
Batting: SHB Paskar Adegoke
|
0-0: Ball 1-0: Ball 2-0: Foul Ball, location: 2F 2-1: Foul Ball, location: 2F 2-2: Ground out U3 (Groundball, 34, EV 87.5 MPH)
|
| Top of the 2nd over - 0 runs, 0 hits, 0 errors, 0 left on base; Quad Cities 0 - Charleston 0 |
| BOTTOM OF THE 2ND |
|
Charleston RiverDogs batting - Pitching for Quad Cities River Bandits : RHP Adam Behrens
|
|
Batting: RHB Riley Nasiir
|
0-0: Foul Ball, location: 2F 0-1: Ball 1-1: Fly out, F9 (Line Drive, 9, EV 90.6 MPH)
|
|
Batting: RHB Jose Garza
|
0-0: Ball 1-0: Called Strike 1-1: Ball 2-1: Ground out 1-3 (Groundball, 15S, EV 65.6 MPH)
|
|
Batting: LHB Eddie Ramirez
|
0-0: Called Strike 0-1: Ball 1-1: SINGLE (Line Drive, 6MD, EV 99.4 MPH)
|
|
Batting: RHB Eric Blais
|
0-0: Ball 1-0: Called Strike 1-1: Foul Ball, location: 2F 1-2: SINGLE (Groundball, 56D, EV 105.6 MPH) (infield hit) Eddie Ramirez to second
|
|
Batting: SHB Plácido Barrrenho
|
0-0: Ball 1-0: Called Strike 1-1: Ball 2-1: Ball 3-1: Foul Ball, location: 2F 3-2: Ground out U3 (Groundball, 3L, EV 80.6 MPH)
|
| Bottom of the 2nd over - 0 runs, 2 hits, 0 errors, 2 left on base; Quad Cities 0 - Charleston 0 |
| TOP OF THE 3RD |
|
Quad Cities River Bandits batting - Pitching for Charleston RiverDogs : RHP Soh Kawashima
|
|
Batting: RHB Jamie Jennings
|
0-0: Ball 1-0: Foul Ball, location: 2F 1-1: Ball 2-1: Ball 3-1: Base on Balls
|
|
Batting: RHB Colin Cranford
|
0-0: Ball 1-0: Ball 2-0: Called Strike 2-1: Foul Ball, location: 2F 2-2: Foul Ball, location: 2F 2-2: Ball 3-2: Fielders Choice at 2nd, 5-4 (Groundball, 56S, EV 86.9 MPH)
|
|
Batting: RHB Steve Moore
|
0-0: Ball Colin Cranford steals 2nd base 1-0: Ball Colin Cranford steals 3rd base 2-0: SINGLE (Groundball, 34D, EV 94.4 MPH) Colin Cranford scores
|
|
Batting: LHB Kelvin Jones
|
0-0: Swinging Strike 0-1: Ball 1-1: Ball 2-1: Foul Ball, location: 2F 2-2: Ball 3-2: Foul Ball, location: 2F 3-2: Base on Balls Steve Moore to second
|
|
Batting: RHB Matt Parker
|
0-0: Grounds into double play, 5-4-3 (Groundball, 5, EV 98.8 MPH)
|
| Top of the 3rd over - 1 run, 1 hit, 0 errors, 1 left on base; Quad Cities 1 - Charleston 0 |
| BOTTOM OF THE 3RD |
|
Charleston RiverDogs batting - Pitching for Quad Cities River Bandits : RHP Adam Behrens
|
|
Batting: RHB Miguel Leal
|
0-0: Called Strike 0-1: Called Strike 0-2: Ball 1-2: Ground out 4-3 (Groundball, 4, EV 96.3 MPH)
|
|
Batting: RHB James Boynton
|
0-0: Ball 1-0: Called Strike 1-1: SINGLE (Groundball, 4MD, EV 102.5 MPH)
|
|
Batting: SHB Reagan Dudley
|
0-0: Ball 1-0: Ball 2-0: Ball 3-0: Called Strike 3-1: Called Strike 3-2: Foul Ball, location: 2F 3-2: Base on Balls James Boynton to second
|
|
Batting: SHB Mike Goad
|
0-0: Fly out, F3 (Popup, 3SF, EV 83.8 MPH)
|
|
Batting: RHB Riley Nasiir
|
0-0: Ball 1-0: Called Strike 1-1: Swinging Strike 1-2: Ball 2-2: Foul Ball, location: 2F 2-2: Foul Ball, location: 2F 2-2: Foul Ball, location: 2F 2-2: Foul Ball, location: 2F 2-2: SINGLE (Line Drive, 9S, EV 88.1 MPH) James Boynton to third Reagan Dudley to second
|
|
Batting: RHB Jose Garza
|
0-0: Called Strike 0-1: Ball 1-1: Ball 2-1: Ball 3-1: SINGLE (Line Drive, 9S, EV 101.3 MPH) James Boynton scores Reagan Dudley to third Riley Nasiir to second Runner from 3rd tries for Home, SAFE, throw by RF to home
|
|
Batting: LHB Eddie Ramirez
|
0-0: 3-RUN HOME RUN (Flyball, 7LD, EV 93.1 MPH), Distance : 363 ft
|
|
Batting: RHB Eric Blais
|
0-0: Ball 1-0: Reached on error, E6 (Groundball, 6, EV 91.3 MPH)
|
|
Batting: SHB Plácido Barrrenho
|
0-0: DOUBLE (Line Drive, 78D, EV 101.9 MPH) Eric Blais scores
|
|
Batting: RHB Miguel Leal
|
0-0: Swinging Strike 0-1: Ball 1-1: Ball 2-1: Foul Ball, location: 2F 2-2: Ball 3-2: Ground out 4-3 (Groundball, 34, EV 81.9 MPH)
|
| Bottom of the 3rd over - 6 runs, 5 hits, 1 error, 1 left on base; Quad Cities 1 - Charleston 6 |
| TOP OF THE 4TH |
|
Quad Cities River Bandits batting - Pitching for Charleston RiverDogs : RHP Soh Kawashima
|
|
Batting: LHB Doug Anderson
|
0-0: Ball 1-0: Ball 2-0: Called Strike 2-1: SINGLE (Groundball, 13, EV 88.8 MPH) (infield hit)
|
|
Batting: RHB Pete Isley
|
0-0: Called Strike 0-1: Foul Ball, location: 2F 0-2: Ball 1-2: Foul Ball, location: 2F 1-2: Foul Ball, location: 2F 1-2: Foul Ball, location: 2F 1-2: Ball 2-2: SINGLE (Line Drive, 56, EV 100.0 MPH) Doug Anderson to second
|
|
Batting: RHB Raul Sanchez
|
0-0: Ball 1-0: Ball Wild Pitch! Doug Anderson to third Pete Isley to second 2-0: Foul Ball, location: 2F 2-1: Foul Ball, location: 2F 2-2: Strikes out looking
|
|
Batting: SHB Paskar Adegoke
|
0-0: Called Strike 0-1: Foul Ball, location: 2F 0-2: SINGLE (Groundball, 6MD, EV 103.1 MPH) Doug Anderson scores Pete Isley to third
|
|
Batting: RHB Jamie Jennings
|
0-0: Called Strike 0-1: Ball 1-1: Ball 2-1: Foul Ball, location: 2F 2-2: Strikes out swinging
|
|
Batting: RHB Colin Cranford
|
0-0: Ball 1-0: Foul Ball, location: 2F 1-1: Foul Ball, location: 2F 1-2: Fly out, F9 (Line Drive, 9, EV 93.8 MPH)
|
| Top of the 4th over - 1 run, 3 hits, 0 errors, 2 left on base; Quad Cities 2 - Charleston 6 |
| BOTTOM OF THE 4TH |
|
Charleston RiverDogs batting - Pitching for Quad Cities River Bandits : RHP Adam Behrens
|
|
Batting: RHB James Boynton
|
0-0: Fly out, F7 (Flyball, 78D, EV 93.1 MPH)
|
|
Batting: SHB Reagan Dudley
|
0-0: Ball 1-0: TRIPLE (Line Drive, 9LD, EV 108.8 MPH)
|
|
Pitching: RHP Justin Coney
|
|
|
Batting: SHB Mike Goad
|
0-0: Ball 1-0: Swinging Strike 1-1: SINGLE (Groundball, 56, EV 98.1 MPH) Reagan Dudley scores
|
|
Batting: RHB Riley Nasiir
|
0-0: Ball 1-0: Ball 2-0: Called Strike 2-1: Foul Ball, location: 2F 2-2: Fly out, F7 (Flyball, 7LM, EV 101.9 MPH)
|
|
Batting: RHB Jose Garza
|
0-0: Called Strike Mike Goad steals 2nd base (no throw) 0-1: Swinging Strike 0-2: Ball 1-2: Ball 2-2: Strikes out looking
|
| Bottom of the 4th over - 1 run, 2 hits, 0 errors, 1 left on base; Quad Cities 2 - Charleston 7 |
| TOP OF THE 5TH |
|
Quad Cities River Bandits batting - Pitching for Charleston RiverDogs : RHP Soh Kawashima
|
|
Batting: RHB Steve Moore
|
0-0: Called Strike 0-1: Ball 1-1: Foul Ball, location: 2F 1-2: Ground out 6-3 (Groundball, 6, EV 101.9 MPH)
|
|
Batting: LHB Kelvin Jones
|
0-0: Ground out U3 (Groundball, 13, EV 79.4 MPH)
|
|
Batting: RHB Matt Parker
|
0-0: Called Strike 0-1: Fly out, F3 (Line Drive, 3, EV 76.9 MPH)
|
| Top of the 5th over - 0 runs, 0 hits, 0 errors, 0 left on base; Quad Cities 2 - Charleston 7 |
| BOTTOM OF THE 5TH |
|
Charleston RiverDogs batting - Pitching for Quad Cities River Bandits : RHP Justin Coney
|
|
Batting: LHB Eddie Ramirez
|
0-0: Swinging Strike 0-1: Ball 1-1: Fly out, F3 (Popup, 3, EV 78.1 MPH)
|
|
Batting: RHB Eric Blais
|
0-0: Ground out 5-3 (Groundball, 56S, EV 78.8 MPH)
|
|
Batting: SHB Plácido Barrrenho
|
0-0: Called Strike 0-1: Foul Ball, location: 2F 0-2: Ball 1-2: Strikes out swinging
|
| Bottom of the 5th over - 0 runs, 0 hits, 0 errors, 0 left on base; Quad Cities 2 - Charleston 7 |
| TOP OF THE 6TH |
|
Quad Cities River Bandits batting - Pitching for Charleston RiverDogs : RHP Soh Kawashima
|
|
Batting: LHB Doug Anderson
|
0-0: Called Strike 0-1: Ball 1-1: Ball 2-1: Fly out, F6 (Popup, P, EV 91.3 MPH)
|
|
Batting: RHB Pete Isley
|
0-0: Ball 1-0: Foul Ball, location: 2F 1-1: Ball 2-1: Ball 3-1: Foul Ball, location: 2F 3-2: Ground out 4-3 (Groundball, 4, EV 103.8 MPH)
|
|
Pitching: RHP Nick Howard
|
|
|
Batting: RHB Raul Sanchez
|
0-0: Ball 1-0: Fly out, F7 (Line Drive, 7LD, EV 104.4 MPH)
|
| Top of the 6th over - 0 runs, 0 hits, 0 errors, 0 left on base; Quad Cities 2 - Charleston 7 |
| BOTTOM OF THE 6TH |
|
Charleston RiverDogs batting - Pitching for Quad Cities River Bandits : RHP Justin Coney
|
|
Batting: RHB Miguel Leal
|
0-0: Ground out 5-3 (Groundball, 5, EV 103.8 MPH)
|
|
Batting: RHB James Boynton
|
0-0: Ball 1-0: Foul Ball, location: 2F 1-1: SINGLE (Line Drive, 34D, EV 97.5 MPH)
|
|
Batting: SHB Reagan Dudley
|
0-0: Called Strike 0-1: Fly out, F7 (Line Drive, 7, EV 89.4 MPH)
|
|
Batting: SHB Mike Goad
|
0-0: Called Strike 0-1: Foul Ball, location: 2F 0-2: Foul Ball, location: 2F 0-2: Ball 1-2: Foul Ball, location: 2F 1-2: Ball 2-2: Ball 3-2: DOUBLE (Flyball, 78D, EV 105.6 MPH) James Boynton to third James Boynton scores
|
|
Batting: RHB Riley Nasiir
|
0-0: Ball 1-0: Ball 2-0: Ball 3-0: Called Strike 3-1: Called Strike 3-2: SINGLE (Line Drive, 7S, EV 101.3 MPH) Mike Goad to third Runner from 3rd tries for Home, SAFE, throw by LF to home
|
|
Batting: RHB Jose Garza
|
0-0: Called Strike Riley Nasiir steals 2nd base 0-1: Called Strike 0-2: Ball 1-2: Foul Ball, location: 2F 1-2: Foul Ball, location: 2F 1-2: Ball 2-2: SINGLE (Line Drive, 9S, EV 101.9 MPH) Riley Nasiir to third Runner from 3rd tries for Home, SAFE, throw by RF to home
|
|
Batting: LHB Eddie Ramirez
|
0-0: Ball 1-0: Called Strike 1-1: Ball 2-1: Ball 3-1: Base on Balls Jose Garza to second
|
|
Batting: RHB Eric Blais
|
0-0: Ball 1-0: Ball 2-0: Swinging Strike 2-1: Foul Ball, location: 2F 2-2: Ground out 4-3 (Groundball, 34D, EV 96.3 MPH)
|
| Bottom of the 6th over - 3 runs, 4 hits, 0 errors, 2 left on base; Quad Cities 2 - Charleston 10 |
| TOP OF THE 7TH |
|
Quad Cities River Bandits batting - Pitching for Charleston RiverDogs : RHP Nick Howard
|
|
Batting: SHB Paskar Adegoke
|
0-0: Called Strike 0-1: Ball 1-1: Foul Ball, location: 2F 1-2: Ball 2-2: Foul Ball, location: 2F 2-2: Foul Ball, location: 2F 2-2: Foul Ball, location: 2F 2-2: Ball 3-2: Ground out 6-3 (Groundball, 6MD, EV 88.8 MPH)
|
|
Batting: RHB Jamie Jennings
|
0-0: Called Strike 0-1: Foul Ball, location: 2F 0-2: Ground out U3 (Groundball, 3L, EV 111.9 MPH)
|
|
Batting: RHB Colin Cranford
|
0-0: Swinging Strike 0-1: Ground out 5-3 (Groundball, 15, EV 84.4 MPH)
|
| Top of the 7th over - 0 runs, 0 hits, 0 errors, 0 left on base; Quad Cities 2 - Charleston 10 |
| BOTTOM OF THE 7TH |
|
Charleston RiverDogs batting - Pitching for Quad Cities River Bandits : RHP Justin Coney
|
|
Pitching: RHP Tim Watson
|
|
|
Batting: SHB Plácido Barrrenho
|
0-0: Fly out, F9 (Flyball, 89D, EV 107.5 MPH)
|
|
Batting: RHB Miguel Leal
|
0-0: Ball 1-0: Ball 2-0: Swinging Strike 2-1: Swinging Strike 2-2: Strikes out looking
|
|
Batting: RHB James Boynton
|
0-0: Foul Ball, location: 2F 0-1: Foul Ball, location: 2F 0-2: Ball 1-2: Ball 2-2: Foul Ball, location: 2F 2-2: Fly out, F8 (Flyball, 8RXD, EV 93.8 MPH)
|
| Bottom of the 7th over - 0 runs, 0 hits, 0 errors, 0 left on base; Quad Cities 2 - Charleston 10 |
| TOP OF THE 8TH |
|
Quad Cities River Bandits batting - Pitching for Charleston RiverDogs : RHP Nick Howard
|
|
Batting: RHB Steve Moore
|
0-0: Ball 1-0: Called Strike 1-1: Ball 2-1: Ground out 5-3 (Groundball, 56, EV 81.3 MPH)
|
|
Batting: LHB Kelvin Jones
|
0-0: Ball 1-0: Ball 2-0: Ball 3-0: Called Strike 3-1: Foul Ball, location: 2F 3-2: SINGLE (Line Drive, 6D, EV 96.3 MPH)
|
|
Batting: RHB Matt Parker
|
0-0: Fly out, F9 (Flyball, 89S, EV 74.4 MPH)
|
|
Batting: LHB Doug Anderson
|
0-0: Ball 1-0: Called Strike 1-1: Foul Ball, location: 2F 1-2: Fly out, F7 (Flyball, 7, EV 88.1 MPH)
|
| Top of the 8th over - 0 runs, 1 hit, 0 errors, 1 left on base; Quad Cities 2 - Charleston 10 |
| BOTTOM OF THE 8TH |
|
Charleston RiverDogs batting - Pitching for Quad Cities River Bandits : RHP Tim Watson
|
|
Batting: SHB Reagan Dudley
|
0-0: Ball 1-0: Ball 2-0: Called Strike 2-1: Foul Ball, location: 2F 2-2: Ball 3-2: Foul Ball, location: 2F 3-2: Foul Ball, location: 2F 3-2: Foul Ball, location: 2F 3-2: SINGLE (Line Drive, 4M, EV 110.0 MPH)
|
|
Batting: SHB Mike Goad
|
0-0: Ball 1-0: Ball Wild Pitch! Reagan Dudley to second 2-0: Ball 3-0: Called Strike 3-1: Base on Balls
|
|
Batting: RHB Riley Nasiir
|
0-0: Ball 1-0: TRIPLE (Flyball, 89XD, EV 101.3 MPH) Reagan Dudley scores Mike Goad scores
|
|
Batting: RHB Jose Garza
|
0-0: Swinging Strike 0-1: Ball 1-1: Ground out 5-3 (Groundball, 56S, EV 89.4 MPH) Riley Nasiir scores
|
|
Batting: LHB Eddie Ramirez
|
0-0: Ball 1-0: Called Strike 1-1: SINGLE (Groundball, 15S, EV 66.9 MPH) (infield hit)
|
|
Batting: RHB Eric Blais
|
0-0: Fly out, F9 (Flyball, 89D, EV 106.9 MPH)
|
|
Pitching: RHP Chris Miller
|
|
|
Batting: SHB Plácido Barrrenho
|
0-0: Ball 1-0: Ball 2-0: Called Strike 2-1: Swinging Strike 2-2: Foul Ball, location: 2F 2-2: Ball 3-2: Base on Balls Eddie Ramirez to second
|
|
Batting: RHB Miguel Leal
|
0-0: Called Strike 0-1: Ball 1-1: Called Strike 1-2: Ball 2-2: SINGLE (Groundball, 6S, EV 70.6 MPH) (infield hit) Eddie Ramirez to third Plácido Barrrenho to second
|
|
Batting: RHB James Boynton
|
0-0: Ball 1-0: Ball 2-0: Fly out, F8 (Flyball, 8RD, EV 88.1 MPH)
|
| Bottom of the 8th over - 3 runs, 4 hits, 0 errors, 3 left on base; Quad Cities 2 - Charleston 13 |
| TOP OF THE 9TH |
|
Quad Cities River Bandits batting - Pitching for Charleston RiverDogs : RHP Nick Howard
|
|
Batting: RHB Pete Isley
|
0-0: Foul Ball, location: 2F 0-1: Fly out, F8 (Flyball, 89D, EV 98.1 MPH)
|
|
Batting: RHB Raul Sanchez
|
0-0: Foul Ball, location: 2F 0-1: Swinging Strike 0-2: Ball 1-2: Foul Ball, location: 2F 1-2: Strikes out swinging
|
|
Batting: SHB Paskar Adegoke
|
0-0: Ball 1-0: Fly out, F7 (Flyball, 78S, EV 76.9 MPH)
|
| Top of the 9th over - 0 runs, 0 hits, 0 errors, 0 left on base; Quad Cities 2 - Charleston 13 |
|